Map: Shrines of Lizul

Players

Metasapien

  • Race: Zerg Zerg
  • League: Platinum
  • Spawn Location: 12:00

Kswiss

  • Race: Protoss Protoss
  • Spawn Location: 3:00

ack

  • Race: Terran Terran
  • League: Gold
  • Spawn Location: 6:00

CatsmasheR

  • Race: Zerg Zerg
  • League: Platinum
  • Spawn Location: 9:00

VOD

Have the link to the VOD?

Description

Time

  • Played on: Sept. 17, 2017, 7:40 p.m.
  • Length: 6:16
Show
View Real Time Build Order
Export as new Build Order

Metasapien Zerg 

Build Orders: Pool First 

Get SALT Encoding   

  12  0:01  Drone  
  13  0:23  Spawning Pool  
  13  0:25  Extractor  
  11  0:29  Drone  
  11  0:33  Drone  
  13  0:43  Overlord  
  13  0:52  Drone  
  14  1:02  Drone  
  14  1:03  Drone  
  16  1:13  Zergling x2  
  17  1:42  Drone x2  
  19  1:48  Hatchery  
  19  1:49  Metabolic Boost  
  18  1:57  Drone  
  18  1:59  Zergling x2  
  20  2:30  Queen  
  22  2:42  Overlord  
  22  2:49  Overlord  
  22  2:52  Hatchery  
  21  2:59  Spine Crawler  
  21  3:04  Drone  
  21  3:11  Drone x2  
  23  3:20  Zergling x4  
  23  3:25  Drone  
  26  3:33  Drone  
  27  3:37  Zergling x4  
  29  3:45  Drone  
  29  3:47  Queen  
  32  3:50  Drone x2  
  34  4:02  Zergling x4  
  36  4:03  Drone x2  
  36  4:08  Drone  
  39  4:24  Drone  
  39  4:25  Roach Warren  
  39  4:27  Queen  
  37  4:45  Zergling x8  
  28  4:46  Zergling x8  
  34  4:54  Spine Crawler  
  34  4:57  Spine Crawler  
  34  4:58  Drone  
  33  5:01  Drone  
  31  5:10  Zergling x6  
  13  5:49  Zergling x8  
Show
View Real Time Build Order
Export as new Build Order

Kswiss Protoss 

Build Orders: Dark Templar Rush 

Get SALT Encoding   

  12  0:02  Probe (Chrono Boost)  
  13  0:13  Probe (Chrono Boost)  
  14  0:20  Pylon  
  14  0:23  Probe (Chrono Boost)  
  15  0:38  Probe (Chrono Boost)  
  15  0:41  Gateway  
  16  0:55  Forge  
  16  0:57  Probe (Chrono Boost)  
  16  1:01  Assimilator  
  17  1:14  Probe (Chrono Boost)  
  18  1:19  Pylon  
  18  1:24  Probe (Chrono Boost)  
  19  1:32  Photon Cannon  
  19  1:35  Probe (Chrono Boost)  
  20  1:42  Cybernetics Core  
  20  1:46  Probe (Chrono Boost)  
  21  1:53  Assimilator  
  21  2:08  Photon Cannon  
  20  2:21  Photon Cannon  
  20  2:24  Zealot (Chrono Boost)  
  22  2:32  Photon Cannon  
  22  2:34  Probe  
  23  2:46  Probe  
  23  2:49  Zealot (Chrono Boost)  
  26  3:03  Twilight Council  
  26  3:12  Probe  
  27  3:19  Zealot (Chrono Boost)  
  29  3:39  Nexus  
  31  3:49  Sentry (Chrono Boost)  
  31  3:59  Dark Shrine  
  31  4:02  Warp Gate (Chrono Boost)  
  31  4:06  Gateway  
  31  4:16  Pylon  
  31  4:26  Gateway  
  25  5:12  Dark Templar x2  
  25  5:13  Dark Templar  
  31  6:03  Pylon  
Show
View Real Time Build Order
Export as new Build Order

ack Terran 

Build Orders:  

Get SALT Encoding   

  12  0:08  Supply Depot  
  12  0:13  SCV  
  13  0:22  Refinery  
  13  0:26  SCV  
  14  0:41  Barracks  
  14  0:46  SCV  
  15  0:58  SCV  
  16  1:10  SCV  
  17  1:18  Barracks  
  17  1:22  SCV  
  18  1:34  SCV, Barracks  
  18  1:36  Marine  
  20  1:46  SCV  
  21  1:54  Marine  
  22  2:06  Barracks Reactor  
  22  2:12  Marine  
  23  2:18  Supply Depot  
  23  2:23  Barracks Tech Lab  
  23  2:31  Orbital Command  
  23  2:42  Supply Depot, Marine  
  25  2:50  Marine x2  
  26  2:52  Barracks Reactor  
  26  3:00  Stimpack, Marine  
  27  3:07  Marine  
  27  3:08  Marine  
  27  3:10  SCV  
  30  3:17  Marine  
  31  3:25  Marine x2  
  33  3:27  Command Center  
  33  3:30  Marine  
  34  3:37  Marine x2  
  36  3:43  Marine  
  36  3:45  Supply Depot  
  37  3:56  Marine x2  
  39  4:06  Marine  
  39  4:08  Supply Depot, Marine x2  
  42  4:23  Marine x2  
  44  4:24  Marine  
  44  4:26  Marine x2  
  47  4:41  Marine x2  
  47  4:42  Marine  
  47  4:44  Marine  
  47  4:45  Refinery  
  51  4:46  Marine  
  51  4:59  Marine x2  
  53  5:00  Marine  
  53  5:01  Marine  
  53  5:04  Marine  
  56  5:17  Marine x2  
  56  5:18  Marine  
  56  5:19  Marine  
  60  5:22  Engineering Bay, Marine  
  60  5:24  Supply Depot  
  61  5:34  Marine x2  
  63  5:43  Marine x2  
  63  5:44  Marine  
  66  5:52  Marine x2  
  66  5:56  Factory  
  68  6:01  SCV  
Show
View Real Time Build Order
Export as new Build Order

CatsmasheR Zerg 

Build Orders: Hatch First 

Get SALT Encoding   

  12  0:01  Drone  
  13  0:10  Drone  
  14  0:14  Extractor  
  14  0:15  Drone  
  15  0:27  Overlord  
  15  0:46  Drone  
  15  0:47  Drone x2  
  18  1:06  Hatchery  
  18  1:09  Extractor  
  16  1:16  Spawning Pool  
  15  1:22  Drone  
  15  1:23  Drone  
  17  1:28  Drone  
  18  1:38  Overlord  
  18  1:53  Drone  
  19  2:04  Zergling x2  
  20  2:08  Queen  
  20  2:13  Zergling x2  
  23  2:18  Queen  
  23  2:21  Zergling x4  
  26  2:31  Drone x2  
  26  2:32  Metabolic Boost  
  28  2:38  Drone  
  29  2:54  Drone  
  29  2:55  Drone x2  
  32  2:59  Drone  
  32  3:01  Lair  
  33  3:14  Drone x2  
  33  3:16  Roach Warren  
  34  3:21  Zergling x2  
  34  3:22  Zergling x2  
  36  3:40  Overlord x2  
  35  3:53  Overlord x2  
  35  3:57  Queen  
  35  4:01  Hatchery  
  36  4:06  Zergling x6  
  39  4:26  Zergling x2  
  39  4:27  Zergling x16  
  48  4:40  Zergling x6  
  48  4:45  Zergling x2  
  49  4:57  Zergling x4  
  51  5:06  Zergling x2  
  53  5:07  Zergling x2  
  51  5:15  Zergling x4  
  49  5:31  Zergling x16  
  50  5:52  Zergling x22  
Tags
 
Add a new tag
Caveats
  • Supply blocks, unpowered buildings, or Contaminate may cause inaccurate times.
  • Supply counts are checked every 10 seconds.